 Dungeon Crawl Stone Soup version 0.30-a0-394-g3e4acdb0ae (webtiles) character file.

Game seed: 6852138798339205385

1520 greasedhog the Fighter (level 8, 0/60 (68) HPs)
             Began as a Barachi Fighter on Dec 6, 2022.
             Slain by a gnoll
             ... wielding a +0 club
             ... led by a gnoll bouda
              (5 damage)
             ... on level 6 of the Dungeon.
             The game lasted 00:09:15 (5631 turns).

greasedhog the Fighter (Barachi Fighter)            Turns: 5631, Time: 00:09:15

HP:   0/60 (68)     AC: 10    Str: 17    XL:     8   Next: 84%
MP:   8/8           EV: 12    Int:  8    God:
Gold: 262           SH:  5    Dex: 15    Spells: 7/7 levels left

rFire   + . .      SeeInvis .    a - +0 long sword
rCold   + . .      Faith    .    c - +0 buckler
rNeg    . . .      Spirit   .    p - +0 ring mail
rPois   .          Reflect  .    (no helmet)
rElec   .          Harm     .    r - +0 cloak
rCorr   .          Rampage  .    y - +0 pair of gloves
Will    .....                    g - +0 pair of boots
Stlth   +.........               u - amulet of the acrobat
HPRegen 0.30/turn                s - ring of protection from cold
MPRegen 0.11/turn                l - ring of protection from fire

@: about to teleport, weakened, unable to hop, heavily drained, slow
A: amphibious, slowness 1, strong legs 1, +LOS
a: Hop


You were on level 6 of the Dungeon.
You visited 2 branches of the dungeon, and saw 7 of its levels.

You collected 262 gold pieces.

Inventory:

Hand Weapons
 a - a +0 long sword (weapon)
Armour
 c - a +0 buckler (worn)
 g - a +0 pair of boots (worn)
 p - a +0 ring mail (worn)
 r - a +0 cloak (worn)
 y - a +0 pair of gloves (worn)
Jewellery
 e - a ring of see invisible
 l - a ring of protection from fire (right hand)
 s - a ring of protection from cold (left hand)
 u - an amulet of the acrobat (around neck)
Wands
 x - a wand of polymorph (7)
Scrolls
 b - a scroll of enchant armour {unknown}
 i - 2 scrolls of poison {unknown}
 k - 3 scrolls of magic mapping {unknown}
 m - 3 scrolls of immolation {unknown}
 o - 2 scrolls of fear {unknown}
 t - 2 scrolls of vulnerability {unknown}
 v - a scroll of blinking {unknown}
Potions
 d - 2 potions of might
 f - 4 potions of ambrosia
 h - 2 potions of cancellation
 j - 5 potions of curing
 n - a potion of berserk rage
 q - 2 potions of heal wounds
 z - a potion of lignification {unknown}
 A - a potion of degeneration {unknown}
 B - a potion of brilliance {unknown}
 C - a potion of flight {unknown}


   Skills:
 * Level 8.2 Fighting
 * Level 7.8 Long Blades
 * Level 5.8 Armour
 - Level 5.1 Dodging
 - Level 3.2 Shields


You had 7 spell levels left.
You didn't know any spells.
Your spell library contained the following spells:

 Spells                   Type           Power      Damage    Failure   Level
 Ozocubu's Armour         Ice            0%         N/A       96%         3
 Metabolic Englaciation   Hex/Ice        0%         N/A       100%        5
 Simulacrum               Ice/Necr       0%         N/A       100%        6


Dungeon Overview and Level Annotations

Branches:
Dungeon (6/15)             Temple (1/1) D:5

Altars:
Ashenzari
Dithmenos
Elyvilon
Fedhas
Hepliaklqana
Kikubaaqudgha
Makhleb
Nemelex Xobeh
Qazlal
Sif Muna
Uskayaw
Vehumet
Yredelemnul
The Shining One

Shops:
D:3 :   D:4 [

Annotations:
D:3 2 transporters, DrKenneth's ghost, amateur MiFi


Innate Abilities, Weirdness & Mutations

You are amphibious.
You cover ground slowly.
You can hop short distances.
You have an extended range of vision and can be seen from far away.


Message History

The wight closely misses you. x2
The wight hits you with a +4 scimitar of freezing!
You feel drained. The wight freezes you.
The wight hits you with a +0 short sword.
You feel drained. You block the necrophage's attack.
The wight hits you with a +0 flail.
Hop to where?
Press: ? - help, Dir - move target
Found an escape hatch in the ceiling.
Boing!
The wight attacks as you move away!
The wight hits you with a +4 scimitar of freezing.
You feel drained.
* * * LOW HITPOINT WARNING * * *
The wight completely misses you.
There is a stone staircase leading up here.
Found a robe. 2 gnolls and a scorpion come into view.
The gnoll shouts!
A gnoll bouda and a gnoll come into view.
The gnoll bouda shouts!
The gnoll bouda barks out a call to the hunt!
The gnolls pick up the pace!
The wight barely misses you. The wight completely misses you.
The wight attacks as you move away! The wight hits you but does no damage.
The wight barely misses you.
You hit the gnoll.
The gnoll is moderately wounded.
The gnoll hits you but does no damage. The gnoll closely misses you.
The wight hits you with a +4 scimitar of freezing!
* * * LOW HITPOINT WARNING * * *
The wight freezes you.
* * * LOW HITPOINT WARNING * * *
The scorpion closely misses you. The wight barely misses you.
You block the wight's attack.
The gnoll bouda gazes fiercely through you!
You feel your attacks grow feeble.
As you read the scroll of teleportation, it crumbles to dust.
You feel strangely unstable. The gnoll barely misses you.
The gnoll hits you with a +0 club.
You die...

...#...#..#.######.#
.....#.............#
.....###..........##
###................######
.....#...................
####........<............
#####....................
...............z.s.......
........†.....nz@g...[...
...............zzg..g....
.................g.......
.........###.............
.........# #.............
.........# #.............
.!..[....# #........#####
...|.....# ##########


You could see a necrophage, a gnoll bouda, a scorpion, 4 wights and 3 gnolls.

Vanquished Creatures
  Grinder (D:4)
  Sigmund (D:4)
  A water moccasin (D:6)
  A centaur (D:5)
  An ogre (D:5)
  Blork the orc (D:5)
  A necrophage (D:6)
  2 scorpions (D:5)
  A bullfrog (D:6)
  A hound (D:5)
  3 jellies
  An orc priest (D:5)
  Crazy Yiuf (D:2)
  Jessica (D:3)
  2 iguanas
  5 orc wizards
  4 gnolls
  8 adders
  A white imp (D:5)
  2 ufetubi
  A worm (D:2)
  6 dart slugs
  12 orcs
  10 endoplasms
  4 giant cockroaches
  10 goblins
  4 hobgoblins
  6 jackals
  9 kobolds
  4 quokkas
  7 ball pythons
  6 bats
  A frilled lizard (D:1)
  4 rats
123 creatures vanquished.

Notes
Turn   | Place    | Note
-------+----------+-------------------------------------------
     0 | D:1      | greasedhog the Barachi Fighter began the quest for the Orb.
     0 | D:1      | Reached XP level 1. HP: 18/18 MP: 1/1
    97 | D:1      | Reached XP level 2. HP: 25/25 MP: 2/2
   361 | D:1      | Reached skill level 4 in Fighting
   567 | D:1      | Reached XP level 3. HP: 28/30 MP: 3/3
   945 | D:2      | Reached XP level 4. HP: 38/38 MP: 4/4
  1207 | D:2      | Reached XP level 5. HP: 31/43 MP: 3/5
  1208 | D:2      | Reached skill level 5 in Armour
  1259 | D:2      | Reached skill level 5 in Fighting
  1675 | D:2      | Found a runed translucent door.
  1676 | D:2      | Noticed Crazy Yiuf
  1684 | D:2      | Killed Crazy Yiuf
  2047 | D:3      | Found Isuits's Book Emporium.
  2075 | D:3      | Reached skill level 1 in Dodging
  2121 | D:3      | Found a transporter.
  2121 | D:3      | Noticed DrKenneth's ghost (amateur MiFi)
  2203 | D:3      | Reached XP level 6. HP: 37/51 MP: 4/6
  2388 | D:3      | Noticed Jessica
  2395 | D:3      | Killed Jessica
  2494 | D:3      | Found a transporter.
  2624 | D:3      | Found a faded altar of an unknown god.
  2751 | D:4      | Noticed Grinder
  2759 | D:4      | Killed Grinder
  2760 | D:4      | Reached skill level 6 in Fighting
  2760 | D:4      | Reached skill level 5 in Long Blades
  2760 | D:4      | Reached XP level 7. HP: 37/58 MP: 4/7
  3050 | D:4      | Found Dohaubui's Armour Shoppe.
  3081 | D:4      | Noticed Sigmund
  3091 | D:4      | Killed Sigmund
  3925 | D:5      | Entered Level 5 of the Dungeon
  3994 | D:5      | Found a staircase to the Ecumenical Temple.
  4007 | Temple   | Entered the Ecumenical Temple
  4469 | D:5      | Found a glowing golden altar of the Shining One.
  4548 | D:5      | Reached skill level 7 in Fighting
  4548 | D:5      | Reached XP level 8. HP: 66/67 MP: 8/8
  4582 | D:5      | Noticed Blork the orc
  4597 | D:5      | Killed Blork the orc
  5260 | D:6      | Reached skill level 5 in Dodging
  5277 | D:6      | Reached skill level 8 in Fighting
  5631 | D:6      | Slain by a gnoll

Illustrated notes

Levels and vault maps discovered:
D:1:      heliophobic_arrival_battle_scene, layout_basic,
          chequers_serial_rivers_small_b
D:2:      layout_loops_ring, cheibrodos_gnoll_hut, uniq_crazy_yiuf_cottage
D:3:      layout_basic, chequers_ecumenical_altar_grove, serial_shops,
          nicolae_shop_hallway_stairs, gammafunk_ghost_arena, uniq_jessica
D:4:      layout_cave_pods, serial_shops, shop, uniq_grinder, uniq_sigmund
D:5:      layout_basic, mainiacjoe_overflow_cross_hatched,
          minmay_temple_entry_crystal_x, kennysheep_path_1, uniq_blork_the_orc
D:6:      layout_rooms
Temple:   hellmonk_temple_forest_ring

Skill      XL: |  1  2  3  4  5  6  7  8 |
---------------+-------------------------+-----
Fighting       | 4 5 6 7 8 |  8.2
Armour         | 4 5 |  5.8
Long Blades    | 3 4 5 6 7 |  7.8
Dodging        | 1 2 4 5 |  5.1
Shields        | |  3.2

Action                   |  1- 3 |  4- 6 |  7- 9 || total
-------------------------+-------+-------+-------++-------
Melee: Long sword        |   103 |   142 |   227 ||   472
 Abil: Hop               |       |     1 |     2 ||     3
Evoke: Wand              |       |       |     1 ||     1
  Use: Scroll            |     2 |     3 |     3 ||     8
       Potion            |       |     1 |       ||     1
Armor: Scale mail        |    46 |    22 |       ||    68
       Ring mail         |       |    31 |   107 ||   138
Dodge: Dodged            |    57 |    77 |   187 ||   321
Block: Buckler           |    25 |    34 |    71 ||   130

Table legend: (Time is in decaauts)
 A = Elapsed time spent in this place.
 B = Non-inter-level travel time spent in this place.
 C = Inter-level travel time spent in this place.
 D = Time resting spent in this place.
 E = Time spent auto-exploring this place.
 F = Levels seen in this place.
 G = Mean time per level.
                   A        B        C        D        E       F      G
               +--------+--------+--------+--------+--------+-----+--------+
         Total |   6456 |   6182 |    274 |    548 |   4423 |   7 |  922.3 |
       Dungeon |   6264 |   6006 |    258 |    548 |   4259 |   6 | 1044.0 |
        Temple |    192 |    176 |     16 |      0 |    163 |   1 |  192.0 |
               +--------+--------+--------+--------+--------+-----+--------+

Top non-repeatable levels by time:
     D:5: 1518 daAuts
     D:4: 1376 daAuts
     D:2: 1110 daAuts
     D:1: 1081 daAuts
     D:3: 987 daAuts
  Temple: 192 daAuts
     D:6: 189 daAuts
